 Dungeon Crawl Stone Soup version 0.20-b1-2-gc5a9893 (webtiles) character file.

2917 Jawreze the Carver (level 9, -16/70 HPs)
             Began as a Hill Orc Fighter on May 21, 2017.
             Was a Believer of Okawaru.
             Demolished by a two-headed ogre
             ... wielding a +0 giant spiked club
              (22 damage)
             ... on level 8 of the Dungeon.
             The game lasted 00:20:00 (8163 turns).

Jawreze the Carver (Hill Orc Fighter)               Turns: 8163, Time: 00:20:01

Health: -16/70     AC: 11    Str: 26    XL:     9   Next: 79%
Magic:  9/9        EV:  4    Int: 15    God:    Okawaru [**....]
Gold:   637        SH:  9    Dex: 10    Spells: 8/8 levels left

rFire    . . .     SeeInvis .   a - +1 long sword
rCold    . . .     Gourm    .   c - +0 shield
rNeg     . . .     Faith    .   E - +0 plate armour (curse)
rPois    .         Spirit   .   B - +0 helmet "Kahua" {*Corrode Regen+ Str+7 Int+4}
rElec    .         Reflect  .   J - +0 cloak
rCorr    .         Harm     .   (no gloves)
MR       .....                  L - +1 pair of boots
Stlth    ..........             (no amulet)
Regen    0.7/turn               (no ring)
MPRegen  0.2/turn               (no ring)

@: corroded
A: no striking features
a: Heroism, Renounce Religion


You were on level 8 of the Dungeon.
You worshipped Okawaru.
Okawaru was pleased with you.
You were not hungry.

You visited 2 branches of the dungeon, and saw 9 of its levels.
You also visited: Sewer.

You collected 637 gold pieces.

Inventory:

Hand Weapons
 a - a +1 long sword (weapon)
 x - a +0 dagger of speed
 y - a +0 dagger of protection
Armour
 b - a +0 scale mail
 c - a +0 shield (worn)
 n - a +0 hat
 z - a +5 chain mail
 B - the +0 helmet "Kahua" (worn) {*Corrode Regen+ Str+7 Int+4}
   (You found it on level 4 of the Dungeon)

   It affects your strength (+7).
   It affects your intelligence (+4).
   It increases your rate of regeneration.
   It may corrode you when you take damage.
 E - a cursed +0 plate armour (worn)
 J - a +0 cloak (worn)
 L - a +1 pair of boots (worn)
Jewellery
 D - a cursed amulet of inaccuracy {unknown}
 F - an uncursed ring of positive energy {unknown}
Wands
 q - a wand of polymorph (5/24)
 u - a wand of flame (48/48)
 w - a wand of paralysis (18/24)
 I - a wand of polymorph (13/24)
 P - a wand of lightning (11/15)
Scrolls
 e - a scroll of enchant armour
 i - 3 scrolls of amnesia
 j - 2 scrolls of teleportation
 l - 2 scrolls of remove curse {unknown}
 A - 6 scrolls of identify
 K - a scroll of recharging
 O - a scroll of magic mapping {unknown}
 R - a scroll of fog
Potions
 d - a potion of lignification {unknown}
 g - a potion of agility {unknown}
 o - 2 potions of haste {unknown}
 p - 2 potions of brilliance
 r - 3 potions of flight {unknown}
 s - 3 potions of curing {unknown}
 t - 2 potions of cancellation {unknown}
 C - a potion of invisibility {unknown}
 G - a potion of berserk rage {unknown}
 H - 2 potions of mutation {unknown}
 M - 3 potions of heal wounds {unknown}
Books
 h - a book of Minor Magic

   Spells                             Type                      Level
   a - Magic Dart                     Conjuration                  1
   b - Blink                          Translocation                2
   c - Call Imp                       Summoning                    2
   d - Slow                           Hexes                        2
   e - Conjure Flame                  Conjuration/Fire             3
   f - Mephitic Cloud                 Conjuration/Poison/Air       3
 Q - a book of Flames

   Spells                             Type                      Level
   a - Flame Tongue                   Conjuration/Fire             1
   b - Throw Flame                    Conjuration/Fire             2
   c - Conjure Flame                  Conjuration/Fire             3
   d - Inner Flame                    Hexes/Fire                   3
   e - Sticky Flame                   Conjuration/Fire             4
   f - Fireball                       Conjuration/Fire             5
Comestibles
 f - 11 bread rations
 k - a fruit
 m - 7 meat rations
 v - 3 royal jellies
 N - a chunk of flesh


   Skills:
 - Level 3.6 Fighting
 * Level 13.9 Long Blades
 - Level 3.2 Armour
 - Level 3.2 Shields


You had 8 spell levels left.
You didn't know any spells.

Dungeon Overview and Level Annotations

Branches:
Dungeon (8/15)             Temple (1/1) D:6
   Lair: D:8-11

Altars:
Ashenzari
Cheibriados
Dithmenos
Elyvilon
Fedhas
Gozag
Hepliaklqana
Kikubaaqudgha
Makhleb
Nemelex Xobeh
Okawaru
Qazlal
Ru
Sif Muna
Trog
Uskayaw
Vehumet
Xom
Yredelemnul
Zin
The Shining One


Message History

You hit the two-headed ogre.
The two-headed ogre is moderately wounded.
The two-headed ogre hits you but does no damage.
The two-headed ogre hits you with a giant club!!
Your corrosive artefact corrodes you!
Your shield and plate armour prevent you from hitting the two-headed ogre.
The two-headed ogre is moderately wounded.
The two-headed ogre hits you with a giant spiked club!
You block the two-headed ogre's attack.
You hit the two-headed ogre.
The two-headed ogre is heavily wounded.
You slash the two-headed ogre!
The two-headed ogre is severely wounded.
The two-headed ogre hits you with a giant spiked club!!
* * * LOW HITPOINT WARNING * * *
You block the two-headed ogre's attack.
You hit the two-headed ogre.
The two-headed ogre is severely wounded.
The two-headed ogre hits you with a giant spiked club!!
You die...

#####......##... ...
#........... ...
#......##.... ### #......#
... # #...>..# ... # #
####.### #.##############
#.####.######.#.............
..........ZO.#.#.############
##.#......##@#.#(##.## #...##
#.##...##.........# #.#.##
#.##...####.#.##.## #.....
#.........<.#+##.# ###.##
####...###.......######.#.
#...# #............#.#. #...#
#......#####.#.#. #...#
#..........#.#... #...#
##########.#.####


You could see a two-headed ogre and an adder skeleton.

Vanquished Creatures
  A steam dragon (D:7)
  A water moccasin (D:7)
  2 ice beasts (D:7)
  An orc warrior (D:8)
  3 phantoms
  A hornet zombie (D:5)
  6 ogres
  A crocodile (Sewer)
  A big kobold (D:4)
  4 bullfrogs
  A gnoll sergeant (D:8)
  A jelly (D:6)
  A howler monkey (D:6)
  2 crimson imps
  5 hounds
  A quasit (D:6)
  2 bullfrog zombies (D:5)
  3 orc priests
  A centaur skeleton (D:4)
  4 orc wizards
  A bullfrog skeleton (D:8)
  Jessica (D:2)
  Terence (D:2)
  Natasha (thrice) (D:2)
  2 hound skeletons
  A worker ant zombie (D:7)
  6 gnolls
  8 adders
  A shadow imp (D:5)
  An adder zombie (D:8)
  2 adder skeletons
  5 worms
  7 leopard geckos
  16 orcs
  2 ball pythons
  2 giant cockroaches
  5 goblins
  4 hobgoblins
  12 jackals
  25 kobolds
  4 quokkas
  12 bats
  7 frilled lizards
  A jackal skeleton (D:7)
  A leopard gecko skeleton (D:4)
  6 rats
178 creatures vanquished.

Notes
Turn   | Place    | Note
-------+----------+-------------------------------------------
     0 | D:1      | Jawreze the Hill Orc Fighter began the quest for the Orb.
     0 | D:1      | Reached XP level 1. HP: 19/19 MP: 1/1
   219 | D:1      | Reached skill level 3 in Long Blades
   219 | D:1      | Reached XP level 2. HP: 18/26 MP: 2/2
   717 | D:2      | Noticed Natasha
   724 | D:2      | Killed Natasha
   724 | D:2      | Reached skill level 4 in Long Blades
   724 | D:2      | Reached XP level 3. HP: 26/31 MP: 3/3
   758 | D:2      | Noticed Natasha
   767 | D:2      | Killed Natasha
   767 | D:2      | Reached XP level 4. HP: 12/39 MP: 4/4
  1029 | D:2      | Noticed Terence
  1032 | D:2      | Noticed Natasha
  1036 | D:2      | Killed Terence
  1036 | D:2      | Reached skill level 5 in Long Blades
  1039 | D:2      | Killed Natasha
  1039 | D:2      | Reached XP level 5. HP: 28/45 MP: 5/5
  1536 | D:2      | Noticed Jessica
  1554 | D:2      | Killed Jessica
  1554 | D:2      | Reached skill level 6 in Long Blades
  2220 | D:3      | Reached XP level 6. HP: 49/51 MP: 6/6
  2765 | D:3      | Reached skill level 7 in Long Blades
  3408 | D:4      | Reached skill level 8 in Long Blades
  3408 | D:4      | Reached XP level 7. HP: 12/57 MP: 7/7
  3744 | D:4      | Got a dazzling helmet
  3750 | D:4      | Identified the +0 helmet "Kahua" {*Corrode Regen+ Str+7 Int+4} (You found it on level 4 of the Dungeon)
  3871 | D:4      | Reached skill level 9 in Long Blades
  4640 | D:5      | Entered Level 5 of the Dungeon
  4712 | D:5      | Found a glowing drain.
  4732 | Sewer    | Entered a sewer
  4778 | Sewer    | Reached XP level 8. HP: 26/64 MP: 8/8
  4946 | D:5      | Reached skill level 10 in Long Blades
  5213 | D:5      | Reached skill level 11 in Long Blades
  5784 | D:6      | Found a staircase to the Ecumenical Temple.
  5856 | Temple   | Entered the Ecumenical Temple
  5951 | Temple   | Became a worshipper of Warmaster Okawaru
  6319 | D:6      | Found a runed door.
  6767 | D:6      | Noticed Crazy Yiuf
  6768 | D:6      | Noticed Crazy Yiuf
  6768 | D:6      | Crazy Yiuf changed into Crazy Yiuf the howler monkey
  6771 | D:6      | Killed Crazy Yiuf the howler monkey
  6771 | D:6      | Reached skill level 12 in Long Blades
  6839 | D:7      | Reached XP level 9. HP: 66/70 MP: 9/9
  6870 | D:7      | Reached * piety under Okawaru
  7022 | D:7      | Found a burning altar of Makhleb.
  7090 | D:7      | Reached skill level 13 in Long Blades
  7788 | D:8      | Reached ** piety under Okawaru
  8067 | D:8      | Noticed a two-headed ogre
  8163 | D:8      | Demolished by a two-headed ogre

Skill      XL: |  1  2  3  4  5  6  7  8  9 |
---------------+----------------------------+-----
Long Blades    | 3 4 5 6 8 9 12 13 | 13.9
Fighting       | |  3.6
Armour         | |  3.2
Shields        | |  3.2

Action                   |  1- 3 |  4- 6 |  7- 9 || total
-------------------------+-------+-------+-------++-------
Melee: Long sword        |    68 |   215 |   516 ||   799
       Dagger            |       |    58 |       ||    58
Evoke: Wand              |       |       |     1 ||     1
  Use: Potion            |       |     1 |       ||     1
       Scroll            |       |       |    12 ||    12
  Eat: Chunk             |       |     8 |    16 ||    24
Armor: Scale mail        |    33 |    83 |       ||   116
       Chain mail        |       |     8 |    74 ||    82
       Plate armour      |       |       |   175 ||   175
Dodge: Dodged            |    10 |    67 |    83 ||   160
Block: Shield            |    38 |   106 |   215 ||   359
       Rpst.: Long sword |     2 |    13 |    27 ||    42
